 Dungeon Crawl Stone Soup version 0.31.0-4-g52a2dc7128 (webtiles) character file.

Game seed: 16918427163581801051

2449 Fv001 the Thaumaturge (level 9, -10/40 HPs)
             Began as a Spriggan Earth Elementalist on Jan 21, 2024.
             Killed from afar by an oklob sapling (27 damage)
             ... with a splash of acid
             ... on level 7 of the Dungeon.
             The game lasted 00:39:33 (8692 turns).

Fv001 the Thaumaturge (Spriggan Earth Elementalist) Turns: 8692, Time: 00:39:34

Health: -10/40     AC:  2    Str:  4    XL:     9   Next: 25%
Magic:  11/23      EV: 18    Int: 22    God:
Gold:   18         SH:  0    Dex: 17    Spells: 9/26 levels left

rFire   . . .        a - +3 dagger of Extinguishment {freeze, rElec Int+3}
rCold   . . .        A - orb {*channel}
rNeg    . . .        z - +0 steam dragon scales
rPois   .            (helmet restricted)
rElec   +            q - +0 cloak
rCorr   .            (gloves unavailable)
SInv    +            (boots unavailable)
Will    ++...        (no amulet)
Stlth   ++++         m - ring of willpower
HPRegen 0.26/turn    (no ring)
MPRegen 0.18/turn

%: channel magic (20%)
@: corroded, very slightly contaminated, very quick
A: very small, no large weapons, unfitting armour, see invisible, speed 3
a: no special abilities


You were on level 7 of the Dungeon.
You visited 1 branch of the dungeon, and saw 7 of its levels.

You collected 318 gold pieces.
You spent 300 gold pieces at shops.

Inventory:

Hand Weapons
 a - the +3 dagger of Extinguishment (weapon) {freeze, rElec Int+3}
   (You found it on level 6 of the Dungeon)

   Int+3:     It affects your intelligence (+3).
   rElec:     It insulates you from electricity.
 b - a +0 short sword
Missiles
 w - a throwing net
Armour
 q - a +0 cloak (worn)
 z - +0 steam dragon scales (worn)
 A - an orb of energy (worn)
Jewellery
 m - a ring of willpower (left hand)
Wands
 x - a wand of mindburst (19)
 y - a wand of charming (7)
Scrolls
 f - 2 scrolls of fear {unknown}
 g - 2 scrolls of poison
 h - a scroll of torment {unknown}
 n - 6 scrolls of teleportation
 r - a scroll of revelation {unknown}
 t - a scroll of vulnerability {unknown}
 u - 2 scrolls of noise {unknown}
 C - a scroll of amnesia
Potions
 c - a potion of ambrosia {unknown}
 d - a potion of resistance
 e - 2 potions of invisibility
 i - a potion of brilliance {unknown}
 j - 3 potions of attraction
 k - a potion of mutation {unknown}
 l - a potion of magic
 o - 3 potions of heal wounds
 p - 3 potions of lignification
 s - 2 potions of might
 v - 2 potions of haste


   Skills:
 + Level 0.9 Fighting
 + Level 3.5 Short Blades
 + Level 3.8 Dodging
 + Level 9.1 Stealth
 + Level 9.3 Spellcasting
 + Level 1.0 Conjurations
 + Level 2.3 Hexes
 + Level 1.3 Ice Magic
 + Level 6.3 Earth Magic
 + Level 0.6 Alchemy


You had 9 spell levels left.
You knew the following spells:

 Your Spells              Type           Power      Damage    Failure   Level
a - Sandblast             Erth           76%        2d16      3%          1
b - Passwall              Erth           38%        N/A       6%          3
c - Stone Arrow           Conj/Erth      52%        3d10      13%         3
d - Petrify               Alch/Erth      25%        N/A       34%         4
e - Ensorcelled Hibernat  Hex/Ice        36%        N/A       14%         2
f - Brom's Barrelling Bo  Conj/Erth      26%        2d5       32%         4

Your spell library contained the following spells:

 Spells                   Type           Power      Damage    Failure   Level
 Static Discharge         Conj/Air       24%        3-4/arc   21%         2
 Cigotuvi's Dreadful Rot  Necr/Alch/Air  22%        N/A       22%         2
 Animate Armour           Summ/Erth      48%        N/A       36%         4
 Swiftness                Air            10%        N/A       41%         3
 Airstrike                Air            5%         2d(1-17)  75%         4
 Dispel Undead            Necr           10%        3d9       75%         4
 Martyr's Knell           Necr/Summ      10%        N/A       75%         4
 Summon Lightning Spire   Summ/Air       10%        N/A       75%         4
 Death Channel            Necr           5%         N/A       100%        6
 Lehudib's Crystal Spear  Conj/Erth      13%        10d4      100%        8


Dungeon Overview and Level Annotations

Branches:
Dungeon (7/15)             Temple (0/1) D:7

Altars:
Elyvilon
Gozag
Makhleb
Uskayaw

Shops:
D:3 (?[   D:7 *?:

Annotations:
D:1 Terence
D:7 exclusions: 3 gnolls, jelly, 4 kobolds, kobold brigand, ogre, oklob sapling, orc, scorpion, 2 sky beasts and 3 wights


Innate Abilities, Weirdness & Mutations

You are very small and have problems with some larger weapons.
You are too small for most types of armour.
You have supernaturally acute eyesight. (SInv)
You cover ground extremely quickly. (Speed+++)


Message History

Aiming: Brom's Barrelling Boulder (extremely dangerous; 32% risk of failure)
Press: ? - help, Dir - move target, f/p - oklob sapling
Aim: an oklob sapling (severely damaged, ally target, 100% to hit)
You send a boulder barrelling forward!
The oklob sapling spits acid at you. The splash of acid hits your boulder!
The acid corrodes your boulder!
The boulder barrels into the plant!
The plant begins to die.
The plant is lightly damaged.
The oklob sapling spits acid at you. The splash of acid hits your boulder!!
Your boulder seems to be corroded for longer.
Your boulder is destroyed!
The boulder barrels into the plant!
The plant begins to die.
The plant is lightly damaged.
The oklob sapling spits acid at you. The splash of acid hits you!
The acid corrodes you!
The boulder barrels into the plant!
The plant is lightly damaged.
Casting: Brom's Barrelling Boulder (extremely dangerous; 32% risk of failure)
Confirm with . or Enter, or press ? or * to list all spells.
Aiming: Sandblast (safe; 3% risk of failure)
Press: ? - help, Shift-Dir - straight line, f/p - oklob sapling
Aim: an oklob sapling (severely damaged, ally target, 100% to hit)
The blast of sand hits the oklob sapling but does no damage.
The oklob sapling is severely damaged.
Magical energy flows into your mind!
A nearby plant withers and dies.
The boulder barrels into the plant!
The plant is lightly damaged.
Your boulder is destroyed!
Casting: Sandblast (safe; 3% risk of failure)
Confirm with . or Enter, or press ? or * to list all spells.
Aiming: Sandblast (safe; 3% risk of failure)
Press: ? - help, Shift-Dir - straight line, f/p - oklob sapling
Aim: an oklob sapling (severely damaged, 100% to hit)
Okay, then.
A nearby plant withers and dies.
The oklob sapling spits acid at you. The splash of acid hits you!!
Ouch! That really hurt!
You die...

#.#..# ######.......#
.⌠'..#####......#.....#
..#[[......####.......#
.##..###.######.......#
##.#.##.P..P.P...##.###
#..#.##....PP.##.##.#
..##.##.PP.... #.##.#
.###.##.P.>P.P##.##.#
## #...PPPP.....@...# #
####........######
#.P°.P..## #.###### #.#
#######.# ........#
#########


You could see an oklob sapling.

Vanquished Creatures
  Maggie (D:6)
  Jeremiah (D:6)
  3 black bears
  An orc warrior (D:7)
  2 ice beasts
  2 ogres
  A centaur (D:6)
  A phantom (D:7)
  A bullfrog (D:7)
  A necrophage (D:7)
  3 scorpions
  A howler monkey (D:5)
  An orc priest (D:7)
  A hound (D:6)
  A gnoll bouda (D:4)
  Crazy Yiuf (D:2)
  4 jellies
  A sleepcap (D:6)
  Jessica (D:2)
  An iguana (D:4)
  Ijyb (D:4)
  An orc wizard (D:5)
  A hound skeleton (D:7)
  8 gnolls
  8 adders
  A shadow imp (D:7)
  6 ufetubi (D:6)
  2 dart slugs
  16 orcs
  2 ball pythons
  6 endoplasms
  5 giant cockroaches
  16 goblins
  9 hobgoblins
  5 quokkas
  7 bats
  4 frilled lizards
  3 kobolds
  6 rats
136 creatures vanquished.

Vanquished Creatures (collateral kills)
  7 boulders
7 creatures vanquished.

Vanquished Creatures (others)
  4 boulders (D:7)
4 creatures vanquished.

Grand Total: 147 creatures vanquished

Notes
Turn   | Place    | Note
-------+----------+-------------------------------------------
     0 | D:1      | Fv001 the Spriggan Earth Elementalist began the quest for
                  | the Orb.
     0 | D:1      | Reached XP level 1. HP: 9/9 MP: 5/5
   206 | D:1      | Reached XP level 2. HP: 13/13 MP: 6/6
   643 | D:2      | Noticed Terence
   866 | D:2      | Reached XP level 3. HP: 16/16 MP: 1/8
   915 | D:2      | Learned a level 3 spell: Passwall
   983 | D:2      | Noticed Jessica
   986 | D:2      | Killed Jessica
  1208 | D:2      | Reached XP level 4. HP: 17/21 MP: 6/10
  1212 | D:2      | Learned a level 3 spell: Stone Arrow
  1450 | D:2      | Found a runed translucent door.
  1451 | D:2      | Noticed Crazy Yiuf
  1459 | D:2      | Killed Crazy Yiuf
  1989 | D:3      | Found Qaral's Antique Armour Shop.
  2013 | D:3      | Bought a pair of boots for 90 gold pieces
  2062 | D:3      | Noticed a scorpion
  2107 | D:3      | Reached XP level 5. HP: 24/24 MP: 11/13
  2205 | D:3      | HP: 1/24 [poisoned by a scorpion]
  2206 | D:3      | Reached skill level 5 in Spellcasting
  2328 | D:3      | Found an opulent altar of Gozag.
  2334 | D:3      | Learned a level 4 spell: Petrify
  2427 | D:3      | Found Puylishru's Magic Scroll Shoppe.
  2435 | D:3      | Bought a scroll of identify for 20 gold pieces
  2435 | D:3      | Bought a scroll of teleportation for 30 gold pieces
  2435 | D:3      | Bought a scroll of identify for 20 gold pieces
  2558 | D:3      | Found a hide-covered altar of Uskayaw.
  2583 | D:3      | Found Oseupoimp's Weapon Shop.
  2594 | D:3      | Learned a level 2 spell: Ensorcelled Hibernation
  3515 | D:4      | Noticed a black bear
  3556 | D:4      | Found a white marble altar of Elyvilon.
  3557 | D:4      | Noticed Ijyb
  3598 | D:4      | Reached XP level 6. HP: 11/28 MP: 11/15
  3739 | D:4      | You fall into a shaft and drop 1 floor!
  3739 | D:5      | Entered Level 5 of the Dungeon
  3904 | D:4      | Noticed an ice beast
  4047 | D:4      | Reached skill level 1 in Short Blades
  4047 | D:4      | Reached skill level 5 in Stealth
  4731 | D:4      | Killed Ijyb
  4883 | D:5      | Reached XP level 7. HP: 32/32 MP: 13/17
  5156 | D:5      | Reached skill level 1 in Hexes
  5162 | D:5      | Reached skill level 5 in Earth Magic
  5641 | D:6      | Noticed Maggie
  5660 | D:6      | Killed Maggie
  5661 | D:6      | Reached skill level 1 in Ice Magic
  5661 | D:6      | Reached XP level 8. HP: 34/37 MP: 10/19
  5953 | D:6      | Noticed Jeremiah
  6357 | D:6      | Identified the +3 dagger of Extinguishment {freeze, rElec
                  | Int+3}
  6608 | D:6      | Learned a level 4 spell: Brom's Barrelling Boulder
  6871 | D:6      | Killed Jeremiah
  6872 | D:6      | Reached skill level 1 in Conjurations
  7110 | D:7      | Found a burning altar of Makhleb.
  7127 | D:7      | Reached XP level 9. HP: 37/40 MP: 19/22
  7643 | D:7      | Found a staircase to the Ecumenical Temple.
  7732 | D:7      | Found Woygh's Book Boutique.
  7835 | D:7      | Found Vouzekedd's Assorted Antiques.
  7860 | D:7      | Found Fifor's Magic Scroll Emporium.
  7864 | D:7      | Bought a scroll of identify for 20 gold pieces
  7864 | D:7      | Bought a scroll of amnesia for 40 gold pieces
  7864 | D:7      | Bought a scroll of poison for 40 gold pieces
  7864 | D:7      | Bought a scroll of identify for 20 gold pieces
  7864 | D:7      | Bought a scroll of identify for 20 gold pieces
  8692 | D:7      | Killed from afar by an oklob sapling

Illustrated notes

Levels and vault maps discovered:
D:1:      dpeg_arrival_tiny_c, layout_rooms, grunt_decor_cap
D:2:      cheibrodos_greedy_goblins, layout_rooms, uniq_terence, uniq_jessica,
          uniq_crazy_yiuf_cottage
D:3:      layout_basic, amcnicky_altar_gilded, mainiacjoe_overflow_chevrons,
          serial_shops, nicolae_shop_window_shopping, shop,
          nicolae_diamond_shop, nicolae_houndstooth_variations
D:4:      layout_gridville, nicolae_elyvilon_peaceful_grove, uniq_ijyb
D:5:      layout_basic, minmay_misc_feat_secret_circle
D:6:      layout_loops_ring, uniq_jeremiah, uniq_maggie
D:7:      hangedman_cross_stitches, layout_loops_ring,
          makhleb_blood_cavern_becter, minmay_temple_entry_oklob, serial_shops,
          shop, nicolae_shop_back_alley_shop, shop, st_stairs_6,
          grunt_decor_arrowhead, minmay_door_square, minivault_27

Skill      XL: |  1  2  3  4  5  6  7  8  9 |
---------------+----------------------------+-----
Dodging        | 3 |  3.8
Spellcasting   | 3 4 5 6 8 9 |  9.3
Earth Magic    | 3 4 5 6 |  6.3
Stealth        | 4 5 6 8 9 |  9.1
Short Blades   | 1 2 3 |  3.5
Hexes          | 1 2 |  2.3
Ice Magic      | 1 |  1.3
Conjurations   | 1 |  1.0
Fighting       | |  0.9
Alchemy        | |  0.6

Action                     |  1- 3 |  4- 6 |  7- 9 || total
---------------------------+-------+-------+-------++-------
  Melee: Short sword       |    19 |    35 |    26 ||    80
         Dagger            |     3 |    27 |    35 ||    65
   Cast: Sandblast         |    48 |    54 |    35 ||   137
         Passwall          |       |    16 |    17 ||    33
         Ensorcelled Hiber |       |     6 |    11 ||    17
         Petrify           |       |     1 |     2 ||     3
         Stone Arrow       |       |       |     4 ||     4
         Brom's Barrelling |       |       |    13 ||    13
    Use: Scroll            |     1 |     3 |     3 ||     7
   Stab: Sleeping          |     5 |    23 |    28 ||    56
         Petrified         |       |       |     2 ||     2
         Petrifying        |       |       |     1 ||     1
 Armour: Robe              |     6 |    25 |    12 ||    43
         Steam dragon scal |       |       |    17 ||    17
  Dodge: Dodged            |    24 |    56 |    37 ||   117
